 Dungeon Crawl Stone Soup version 0.27-a0-1572-gacd6f1ce93 (webtiles) character file.

Game seed: 4616815689223896724

10 Brozuf the Grave Robber (level 2, 0/20 HPs)
             Began as a Demonspawn Necromancer on July 17, 2021.
             Slain by a ball python (1 damage)
             ... on level 1 of the Dungeon.
             The game lasted 00:01:43 (620 turns).

Brozuf the Grave Robber (Demonspawn Necromancer)     Turns: 620, Time: 00:01:44

Health: 0/20       AC:  3    Str:  8    XL:     2   Next: 10%
Magic:  5/5        EV: 12    Int: 16    God:
Gold:   6          SH:  4    Dex: 13    Spells: 4/5 levels left

rFire    . . .     SeeInvis .   b - +0 dagger
rCold    . . .     Faith    .   (no shield)
rNeg     . . .     Spirit   .   a - +0 robe
rPois    .         Reflect  .   (no helmet)
rElec    .         Harm     .   (no cloak)
rCorr    .         Rampage  .   (no gloves)
Will     .....                  c - +0 pair of boots
Stlth    ++........             (no amulet)
HPRegen  0.06/turn              (no ring)
MPRegen  0.09/turn              (no ring)

@: no status effects
A: condensation shield
a: no special abilities


You were on level 1 of the Dungeon.
You visited 1 branch of the dungeon, and saw 1 of its levels.

You collected 6 gold pieces.

Inventory:

Hand Weapons
 b - a +0 dagger (weapon)
   (You took it off a kobold on level 1 of the Dungeon)
Armour
 a - a +0 robe (worn)
 c - a +0 pair of boots (worn)
   (You found it on level 1 of the Dungeon)


   Skills:
 + Level 0.5 Fighting
 + Level 1.9 Dodging
 - Level 1.7 Stealth
 + Level 2.1 Spellcasting
 * Level 4.6 Necromancy


You had 4 spell levels left.
You knew the following spells:

 Your Spells              Type           Power      Damage    Failure   Level
a - Pain                  Necr           64%        1d7       3%          1

Your spell library contained the following spells:

 Spells                   Type           Power      Damage    Failure   Level
 Animate Skeleton         Necr           32%        N/A       3%          1
 Vampiric Draining        Necr           8%         2d7       9%          3
 Animate Dead             Necr           8%         N/A       30%         4
 Agony                    Necr           16%        N/A       63%         5


Dungeon Overview and Level Annotations

Branches:
Dungeon (1/15)

Altars:


Innate Abilities, Weirdness & Mutations

A meltable shield of frost defends you. (SH +4)


Message History

Unknown command.
You hit the jackal but do no damage.
A ball python comes into view.
The jackal bites you but does no damage.
You closely miss the jackal. The jackal bites you.
* * * LOW HITPOINT WARNING * * *
The jackal barely misses you.
Unknown command.
Unknown command.
Casting: Pain (safe; 3% risk of failure)
Aiming: Pain (safe; 3% risk of failure)
Aim: a jackal (heavily wounded, chance to affect: 87%)
The jackal writhes in agony.
You kill the jackal!
The ball python hisses angrily.
You have reached level 2!
Your demonic ancestry asserts itself...
Frost condenses into a shield before you.
Unknown command.
Unknown command.
Unknown command.
Unknown command.
Casting: Pain (safe; 3% risk of failure)
Aiming: Pain (safe; 3% risk of failure)
Aim: a kobold, wielding a +0 dagger (chance to affect: 87%)
The kobold barely resists.
The kobold hits you with a +0 dagger.
* * * LOW HITPOINT WARNING * * *
Unknown command.
Unknown command.
Casting: Pain (safe; 3% risk of failure)
Aiming: Pain (safe; 3% risk of failure)
Aim: a kobold, wielding a +0 dagger (chance to affect: 87%)
The kobold writhes in agony.
You block the kobold's attack. The kobold hits you with a +0 dagger.
* * * LOW HITPOINT WARNING * * *
Unknown command.
The kobold hits you but does no damage. The kobold hits you with a +0 dagger.
* * * LOW HITPOINT WARNING * * *
Unknown command.
The jackal misses you.
You see here 4 stones.
The jackal bites you.
* * * LOW HITPOINT WARNING * * *
You block the jackal's attack. The jackal barely misses you.
You hit the kobold.
You kill the kobold!
You hit the ball python. The ball python bites you.
You die...

#####.>#.#.# .# #
#...#..#...###.#.#
#...#.###..#......
####..>.......#......
.....................
.....................
##.......#h#.#......
##.......#S#hS#..##
###......#.#@#..#..#
....#....#.#.#..#..#
##..........##K.$.#
....#........##....#
########÷....##....#
#####.∩# #.....##..#.####
.......#####.....##........
.÷........<#.....##........
..........##...K.##........


You could see a jackal and a ball python.

Vanquished Creatures
  A bat (D:1)
  A giant cockroach (D:1)
  2 hobgoblins (D:1)
  A jackal (D:1)
  2 kobolds (D:1)
  A frilled lizard (D:1)
8 creatures vanquished.

Notes
Turn   | Place    | Note
-------+----------+-------------------------------------------
     0 | D:1      | Brozuf the Demonspawn Necromancer began the quest for the
                  | Orb.
     0 | D:1      | Reached XP level 1. HP: 13/13 MP: 3/3
   554 | D:1      | Gained mutation: A meltable shield of frost defends you.
                  | (SH +4) [demonic ancestry]
   554 | D:1      | Reached XP level 2. HP: 4/20 MP: 3/5
   591 | D:1      | HP: 1/20 [kobold (1)]
   610 | D:1      | HP: 1/20 [jackal (1)]
   620 | D:1      | Slain by a ball python

Illustrated notes

Levels and vault maps discovered:
D:1:      amcnicky_arrival_abandoned_market, layout_rooms

Action                   || total
-------------------------++-------
Melee: Dagger            ||    24
 Cast: Pain              ||    15
Armor: Robe              ||    12
Dodge: Dodged            ||    22
Block: Other             ||     2

Table legend: (Time is in decaauts)
 A = Elapsed time spent in this place.
 B = Non-inter-level travel time spent in this place.
 C = Inter-level travel time spent in this place.
 D = Time resting spent in this place.
 E = Time spent auto-exploring this place.
 F = Levels seen in this place.
 G = Mean time per level.
                   A        B        C        D        E       F      G
               +--------+--------+--------+--------+--------+-----+--------+
         Total |    619 |    619 |      0 |    369 |     87 |   1 |  619.0 |
       Dungeon |    619 |    619 |      0 |    369 |     87 |   1 |  619.0 |
               +--------+--------+--------+--------+--------+-----+--------+

Top non-repeatable levels by time:
     D:1: 619 daAuts
